 Dungeon Crawl Stone Soup version 0.29.1-12-g30fa7ad0bf (webtiles) character file.

Game seed: 16374141726077623100

3745 mif the Basher (level 9, -4/83 HPs)
             Began as a Minotaur Berserker on Oct 21, 2022.
             Was an Elder of Trog.
             Slain by a fire elemental (11 damage)
             ... summoned by a deep elf pyromancer
             ... on level 9 of the Dungeon on Jan 13, 2023.
             The game lasted 00:17:11 (9166 turns).

mif the Basher (Minotaur Berserker)                 Turns: 9166, Time: 00:17:12

Health: -4/83      AC: 23    Str: 25    XL:     9   Next: 93%
Magic:  8/8        EV:  8    Int:  4    God:    Trog [****..]
Gold:   550        SH:  0    Dex: 17    Spells: 8/8 levels left

rFire   . . .      SeeInvis .   G - +2 dire flail (protect)
rCold   . . .      Faith    .   (shield currently unavailable)
rNeg    . . .      Spirit   .   H - +0 plate armour
rPois   .          Reflect  .   (helmet restricted)
rElec   .          Harm     .   x - +0 cloak
rCorr   .          Rampage  .   (no gloves)
Will    .....                   p - +0 pair of boots
Stlth   ..........              (no amulet)
HPRegen 0.23/turn               r - +6 ring of dexterity
MPRegen 0.11/turn               (no ring)

@: confused, under a protective aura
A: horns 2, retaliatory headbutt
a: Renounce Religion, Berserk, Trog's Hand, Brothers in Arms


You were on level 9 of the Dungeon.
You worshipped Trog.
Trog was greatly pleased with you.
You visited 1 branch of the dungeon, and saw 9 of its levels.

You collected 550 gold pieces.

Inventory:

Hand Weapons
 G - a +2 dire flail of protection (weapon)
Missiles
 a - a throwing net
 b - 37 stones (quivered)
 n - 20 poisoned darts
 w - 2 boomerangs
Armour
 p - a +0 pair of boots (worn)
 x - a +0 cloak (worn)
 H - a +0 plate armour (worn)
Jewellery
 o - a ring of ice
 r - a +6 ring of dexterity (left hand)
 s - an amulet of guardian spirit
Wands
 z - a wand of polymorph (4)
 B - a wand of flame (18)
 F - a wand of mindburst (17)
Scrolls
 d - 4 scrolls of magic mapping {unknown}
 g - 4 scrolls of identify {unknown}
 h - 4 scrolls of teleportation {unknown}
 i - 2 scrolls of amnesia {unknown}
 k - 3 scrolls of vulnerability {unknown}
 m - 2 scrolls of fear {unknown}
 q - a scroll of summoning {unknown}
 u - 3 scrolls of immolation {unknown}
 y - a scroll of acquirement {unknown}
 A - a scroll of enchant armour {unknown}
 C - a scroll of enchant weapon {unknown}
 D - a scroll of blinking {unknown}
 E - a scroll of noise {unknown}
Potions
 c - a potion of invisibility {unknown}
 e - 3 potions of degeneration {unknown}
 f - 2 potions of attraction {unknown}
 j - 2 potions of curing {unknown}
 t - a potion of haste {unknown}
 v - a potion of lignification {unknown}


   Skills:
 + Level 9.3 Fighting
 * Level 12.6 Maces & Flails
 + Level 8.8 Armour
 - Level 2.1 Dodging


You had 8 spell levels left.
You didn't know any spells.
Your spell library was empty.

Dungeon Overview and Level Annotations

Branches:
Dungeon (9/15)             Temple (0/1) D:7            Lair (0/5) D:8
    Orc: D:9-12

Altars:
Fedhas
Gozag
Makhleb
Nemelex Xobeh
Qazlal
Sif Muna
Trog
Uskayaw
Vehumet
Zin
The Shining One

Shops:
D:1 (   D:8 *


Innate Abilities, Weirdness & Mutations

You have a pair of horns on your head.
You reflexively headbutt those who attack you in melee.


Message History

You easily resist.
The wyvern bites you.
You see here a +0 club.
You closely miss something.
The kobold brigand shouts!
Something hits you but does no damage. Something bites you but does no damage.
The deep elf pyromancer casts a spell.
The deep elf pyromancer blinks!
The orc wizard hits you but does no damage.
The wyvern bites you but does no damage.
A centaur warrior comes into view.
The wyvern closely misses you.
Unknown command.
You're too confused to move!
The wyvern bites you! Something hits you.
Something bites you but does no damage.
The deep elf pyromancer gestures wildly while chanting.
The orc wizard barely misses you. The wyvern bites you.
A steam dragon, a hornet, a deep elf pyromancer, a centaur and a kobold come into view.
The hornet buzzes angrily.
The deep elf pyromancer shouts!
The kobold shouts!
You hear a croak.
The wyvern bites you but does no damage.
The centaur warrior wields a +0 shortbow.
The centaur warrior shoots an arrow.
The arrow hits you!
* * * LOW HITPOINT WARNING * * *
The fire elemental hits you. The fire elemental burns you!
* * * LOW HITPOINT WARNING * * *
The kobold brigand hits you but does no damage.
The deep elf pyromancer mumbles some strange words.
You closely miss something. Your headbutt misses something.
The fire elemental disappears in a puff of smoke!
The wyvern barely misses you. The fire elemental hits you.
The fire elemental burns you!
* * * LOW HITPOINT WARNING * * *
Unknown command.
You are too confused!
You hit the orc wizard.
Your weapon exudes an aura of protection.
Your headbutt misses the orc wizard.
The orc wizard is lightly wounded.
The fire elemental hits you. The fire elemental burns you!
You die...

.. ######
..# #....#
#.. #....#
#De##.E..#
...cyF..#
Kce○..#
#E§E.#
#K@..#
#{lo>#
###.).[#
#....<.#
#...)..#
########


You could see a centaur warrior, 2 deep elf pyromancers, a hornet, 3 fire
elementals, a steam dragon, a wyvern, a kobold brigand, a bullfrog, a centaur,
an orc wizard and a kobold.

Vanquished Creatures
  2 trolls
  A hornet (D:8)
  A wyvern (D:8)
  A wraith (D:6)
  A water moccasin (D:7)
  An orc warrior (D:8)
  3 ice beasts
  2 sky beasts
  A black bear (D:6)
  An ogre (D:7)
  2 wolves (D:8)
  3 centaurs
  A phantom (D:6)
  A kobold brigand (D:8)
  2 bullfrogs
  4 scorpions
  3 electric eels (D:8)
  3 howler monkeys
  A crimson imp (D:5)
  8 hounds
  3 jellies
  3 orc priests
  A gnoll bouda (D:8)
  2 iguanas
  5 orc wizards
  A mummy (D:7)
  8 gnolls
  5 adders
  A shadow imp (D:7)
  A white imp (D:5)
  2 worms
  16 orcs
  2 bats
  3 endoplasms (D:3)
  5 giant cockroaches
  2 hobgoblins
  2 jackals (D:3)
  2 quokkas
  4 ball pythons
  3 frilled lizards
  10 goblins
  A hobgoblin zombie (D:7)
  8 kobolds
  A kobold zombie (D:7)
  2 orc zombies (D:7)
  3 rats (D:1)
138 creatures vanquished.

Vanquished Creatures (others)
  A goblin (D:8)
  3 plants (D:4)
4 creatures vanquished.

Grand Total: 142 creatures vanquished

Notes
Turn   | Place    | Note
-------+----------+-------------------------------------------
     0 | D:1      | mif the Minotaur Berserker began the quest for the Orb.
     0 | D:1      | Reached XP level 1. HP: 19/19 MP: 0/0
    24 | D:1      | Found Ydde's Antique Weapon Shop.
   561 | D:1      | Reached skill level 4 in Maces & Flails
   568 | D:1      | Reached XP level 2. HP: 17/27 MP: 1/1
   701 | D:1      | Upgraded the game from 0.29.1-1-gd02db6906a to
                  | 0.29.1-2-gbd0b4ee654
  1096 | D:2      | Found a shimmering blue altar of Sif Muna.
  1296 | D:2      | Found a faded altar of an unknown god.
  1314 | D:2      | Reached XP level 3. HP: 29/33 MP: 2/2
  2012 | D:3      | Found a blossoming altar of Fedhas.
  2445 | D:3      | Reached ** piety under Trog
  2689 | D:4      | Found a hide-covered altar of Uskayaw.
  2784 | D:4      | Noticed a scorpion
  2787 | D:4      | Killed a scorpion
  2788 | D:4      | Reached skill level 5 in Maces & Flails
  2788 | D:4      | Reached XP level 4. HP: 38/41 MP: 3/3
  2938 | D:4      | Noticed a scorpion
  2954 | D:4      | Killed a scorpion
  2955 | D:4      | Reached XP level 5. HP: 20/47 MP: 4/4
  3151 | D:4      | Found a stormy altar of Qazlal.
  3175 | D:4      | Found a radiant altar of Vehumet.
  3280 | D:4      | Found a glowing golden altar of the Shining One.
  3327 | D:4      | Reached skill level 6 in Maces & Flails
  3334 | D:4      | Reached skill level 5 in Fighting
  3453 | D:4      | Found a bloodstained altar of Trog.
  3685 | D:5      | Entered Level 5 of the Dungeon
  3773 | D:5      | Reached XP level 6. HP: 51/56 MP: 5/5
  3855 | D:5      | Found a burning altar of Makhleb.
  4215 | D:5      | Noticed a sky beast
  4227 | D:5      | Killed a sky beast
  4228 | D:5      | Reached skill level 7 in Maces & Flails
  4334 | D:5      | Reached XP level 7. HP: 30/62 MP: 6/6
  4337 | D:5      | Reached skill level 5 in Armour
  5092 | D:6      | Reached skill level 8 in Maces & Flails
  5306 | D:6      | Reached XP level 8. HP: 67/71 MP: 7/7
  5378 | D:6      | Reached skill level 9 in Maces & Flails
  6092 | D:6      | Found an opulent altar of Gozag.
  6092 | D:6      | Found a sparkling altar of Nemelex Xobeh.
  6114 | D:7      | Upgraded the game from 0.29.1-2-gbd0b4ee654 to
                  | 0.29.1-12-g30fa7ad0bf
  6295 | D:7      | Reached *** piety under Trog
  6296 | D:7      | Reached skill level 10 in Maces & Flails
  6728 | D:7      | Found a staircase to the Ecumenical Temple.
  7179 | D:7      | Reached XP level 9. HP: 59/81 MP: 8/8
  7399 | D:8      | Found Zin's Purification Station.
  7404 | D:8      | Found a glowing silver altar of Zin.
  7695 | D:8      | Reached skill level 11 in Maces & Flails
  7727 | D:8      | Noticed a troll
  7753 | D:8      | Killed a troll
  7957 | D:8      | Reached **** piety under Trog
  8040 | D:8      | HP: 6/123 [hound (3)]
  8487 | D:8      | Paralysed by a hornet for 2 turns
  8491 | D:8      | Reached skill level 12 in Maces & Flails
  8600 | D:8      | Found a staircase to the Lair.
  8983 | D:9      | Noticed a troll
  9063 | D:9      | Killed a troll
  9159 | D:9      | Noticed a deep elf pyromancer
  9161 | D:9      | Noticed a centaur warrior
  9164 | D:9      | Noticed a deep elf pyromancer
  9166 | D:9      | Slain by a fire elemental

Illustrated notes

Levels and vault maps discovered:
D:1:      spicycebolla_green_bress_n_ham, layout_basic, serial_shops,
          nicolae_diamond_shop, grunt_decor_mini_mirrors
D:2:      layout_basic, basic_ecumenical_altar, basic_altar
D:3:      layout_loops_ring, fedhas_ov_isle_minmay
D:4:      layout_loops_cross, mainiacjoe_overflow_chevrons, lemuel_tele_altar,
          lightli_temple_of_fire, tso_oasis_becter, old_standard_altar,
          chequers_serial_rivers_small_b
D:5:      layout_basic, makhleb_grotto_becter, minmay_fountain_box
D:6:      layout_loops_ring, grunt_temple_overflow_opulence
D:7:      layout_basic, minmay_temple_entry_drinking_statues,
          ebering_dispersal_statue_hall, minmay_mini_ossuary
D:8:      layout_basic, zin_purify, erik_lair_island, enter_bailey_3
D:9:      minmay_bloctagon, layout_cross, uniq_maurice

Skill      XL: |  1  2  3  4  5  6  7  8  9 |
---------------+----------------------------+-----
Maces & Flails | 4 5 6 7 8 10 12 | 12.6
Fighting       | 4 5 6 7 9 |  9.3
Armour         | 3 4 5 7 8 |  8.8
Dodging        | |  2.1

Action                   |  1- 3 |  4- 6 |  7- 9 || total
-------------------------+-------+-------+-------++-------
Melee: Mace              |    86 |    62 |   179 ||   327
       Headbutt          |     8 |     9 |    57 ||    74
       Punch             |       |       |     2 ||     2
       Dire flail        |       |       |   104 ||   104
Throw: Stone             |     7 |     5 |       ||    12
Invok: Berserk           |       |       |     2 ||     2
Armor: Animal skin       |     4 |       |       ||     4
       Ring mail         |    17 |       |       ||    17
       Chain mail        |    24 |    38 |   105 ||   167
       Plate armour      |       |       |    82 ||    82
Dodge: Dodged            |    32 |    30 |   132 ||   194
